Map: Kairos Junction LE

Players

JermStudDog

  • Race: Zerg Zerg
  • League: Master
  • Spawn Location: 11:00

llllllllllll - Winner!

  • Race: Terran Terran
  • Spawn Location: 5:00

VOD

Have the link to the VOD?

Description

Time

  • Played on: May 14, 2019, 11:45 p.m.
  • Length: 13:01
Show
View Real Time Build Order
Export as new Build Order

JermStudDog Zerg 

Build Orders: Pool First 

Get SALT Encoding   

  12  0:00  Drone  
  13  0:08  Drone  
  14  0:17  Overlord  
  14  0:23  Extractor  
  14  0:24  Drone  
  14  0:35  Drone x2  
  16  0:44  Drone  
  17  0:51  Spawning Pool  
  16  0:57  Drone  
  17  1:18  Hatchery  
  16  1:21  Drone  
  16  1:24  Drone  
  18  1:38  Metabolic Boost  
  18  1:42  Queen  
  20  1:52  Zergling x2  
  20  1:53  Zergling x2  
  22  1:59  Overlord  
  22  2:17  Queen  
  22  2:18  Drone x2  
  26  2:26  Drone  
  27  2:31  Drone  
  28  2:39  Roach Warren  
  28  2:40  Drone  
  28  2:52  Drone x6  
  34  3:03  Lair  
  34  3:04  Overlord  
  34  3:08  Overlord  
  34  3:21  Drone x2  
  36  3:30  Drone  
  36  3:31  Drone x6  
  42  3:38  Extractor  
  42  3:40  Extractor  
  40  3:48  Extractor  
  39  3:52  Roach x3  
  45  3:59  Hatchery  
  44  4:06  Drone  
  44  4:07  Drone x4  
  49  4:13  Drone x2  
  51  4:24  Evolution Chamber  
  51  4:25  Evolution Chamber  
  51  4:26  Queen  
  51  4:30  Overlord x2  
  51  4:33  Glial Reconstitution  
  51  4:42  Overlord  
  51  4:43  Overlord  
  51  4:45  Overlord  
  51  4:48  Queen  
  51  4:51  Zerg Ground Armor Level 1  
  53  4:53  Zerg Melee Weapons Level 1  
  53  5:11  Zergling x12  
  59  5:24  Zergling x8  
  63  5:31  Spore Crawler  
  63  5:33  Spore Crawler  
  63  5:34  Drone  
  63  5:35  Drone x5  
  67  5:47  Drone x6  
  73  5:54  Baneling Nest  
  73  5:55  Zergling x4  
  74  5:59  Zergling x2  
  75  6:06  Zergling x2  
  75  6:07  Zergling x6  
  79  6:14  Zergling x2  
  79  6:15  Zergling x6  
  83  6:23  Zergling x8  
  87  6:27  Zergling x2  
  88  6:33  Overlord x3  
  88  6:34  Overlord  
  78  6:51  Centrifical Hooks  
  78  6:52  Zerg Ground Armor Level 2  
  78  6:53  Zerg Melee Weapons Level 2  
  78  6:55  Drone x7  
  84  7:03  Zergling x10  
  84  7:06  Baneling x6  
  84  7:07  Baneling x10  
  89  7:14  Drone x2  
  89  7:15  Drone x2  
  93  7:18  Extractor  
  93  7:19  Extractor  
  76  7:37  Zergling x2  
  76  7:38  Zergling x18  
  77  7:44  Zergling x2  
  77  7:45  Zergling x12  
  77  7:49  Queen  
  80  7:54  Zergling x2  
  78  8:01  Zergling x6  
  78  8:02  Zergling x2  
  76  8:10  Infestation Pit  
  75  8:14  Queen x2  
  75  8:16  Drone x3  
  75  8:17  Drone x3  
  75  8:18  Drone x3  
  75  8:19  Zergling x2  
  89  8:20  Hatchery  
  88  8:28  Baneling x7  
  88  8:29  Baneling x8  
  88  8:30  Baneling x3  
  88  8:35  Overlord  
  88  8:37  Overlord  
  88  8:41  Drone, Spire  
  88  8:43  Drone x5  
  88  8:44  Drone x3  
  96  8:55  Zergling x2  
  97  8:56  Zergling x8  
  97  8:57  Hive  
  101  9:05  Zergling x2  
  101  9:06  Zergling x10  
  101  9:13  Queen  
  101  9:15  Zergling x2  
  101  9:16  Zergling x6  
  96  9:29  Drone x4  
  100  9:32  Zergling x10  
  105  9:43  Extractor  
  105  9:44  Pathogen Glands  
  104  9:47  Drone x2  
  104  9:48  Drone  
  104  9:51  Extractor  
  104  9:53  Zergling x2  
  104  9:54  Zergling x6  
  104  9:59  Baneling  
  105  10:00  Baneling x13  
  105  10:01  Baneling x4, Hatchery  
  105  10:02  Zergling x4  
  105  10:03  Zergling x14  
  103  10:14  Zergling x2  
  103  10:15  Zergling x12  
  109  10:26  Ultralisk Cavern  
  104  10:29  Queen x2  
  90  10:46  Drone x6  
  90  10:47  Drone x2  
  98  10:57  Zergling x6  
  98  10:58  Zergling x8  
  98  11:02  Adrenal Glands  
  102  11:20  Ultralisk x2  
  102  11:23  Ultralisk  
  120  11:26  Chitinous Plating  
  120  11:33  Extractor  
  120  11:36  Extractor  
  118  11:40  Zergling x2  
  118  11:41  Zergling x24  
  128  11:50  Ultralisk, Zergling x2  
  133  11:57  Baneling  
  133  11:58  Baneling x8  
  96  12:19  Zergling x6  
  96  12:20  Zergling x30  
  96  12:24  Zergling x6  
  97  12:31  Zergling x2  
  97  12:32  Zergling x2  
  88  12:45  Hatchery  
Show
View Real Time Build Order
Export as new Build Order

llllllllllll Terran - Winner!

Build Orders: Reaper Expand 

Get SALT Encoding   

  12  0:00  SCV  
  13  0:13  SCV  
  14  0:17  Supply Depot  
  14  0:25  SCV  
  15  0:38  SCV  
  15  0:42  Barracks  
  16  0:44  Refinery  
  16  0:50  SCV  
  17  1:03  SCV  
  18  1:15  SCV  
  19  1:28  Reaper, Orbital Command  
  20  1:41  Command Center  
  20  1:54  SCV  
  20  1:55  Barracks  
  21  2:02  Barracks Reactor  
  21  2:06  SCV  
  22  2:09  Supply Depot  
  22  2:19  SCV  
  22  2:20  Refinery  
  23  2:31  SCV  
  23  2:32  Factory  
  24  2:39  Marine x2  
  24  2:43  Barracks Tech Lab, SCV  
  27  2:53  Orbital Command  
  27  2:56  SCV  
  28  2:59  Marine x2  
  29  3:13  SCV  
  29  3:15  Marine  
  29  3:17  Marine x2  
  29  3:19  SCV  
  34  3:23  Stimpack  
  34  3:29  Starport, Factory Reactor  
  34  3:33  SCV  
  36  3:34  SCV  
  36  3:37  Marine x3  
  39  3:45  SCV  
  39  3:47  Supply Depot  
  41  3:48  SCV  
  41  3:54  Marine  
  41  3:55  Marine x2  
  44  3:58  SCV  
  44  4:00  SCV  
  45  4:04  Supply Depot  
  45  4:10  SCV  
  45  4:12  Medivac x2  
  45  4:14  Marine x3  
  53  4:22  SCV  
  54  4:25  SCV  
  54  4:26  Engineering Bay  
  54  4:27  Engineering Bay  
  55  4:32  Factory Tech Lab  
  55  4:35  Supply Depot  
  55  4:36  Marine x2  
  55  4:37  Marine  
  58  4:39  SCV  
  58  4:42  SCV  
  60  4:45  Supply Depot  
  60  4:53  Barracks  
  60  4:58  SCV x2  
  62  5:00  Terran Infantry Armor Level 1, Terran Infantry Weapons Level 1  
  62  5:02  Refinery  
  62  5:05  Refinery  
  62  5:08  Siege Tank  
  62  5:10  Marine x2  
  62  5:12  Marine  
  68  5:14  SCV  
  68  5:19  SCV  
  70  5:24  Combat Shield  
  70  5:27  SCV  
  71  5:32  Supply Depot  
  71  5:33  SCV, Supply Depot  
  72  5:35  Marine  
  72  5:36  Marine x2  
  72  5:39  SCV  
  72  5:41  Marine  
  72  5:42  Marine  
  78  5:53  Siege Tank  
  78  5:54  Medivac, Marine x2  
  78  5:55  Marine  
  86  5:59  SCV  
  86  6:00  SCV  
  86  6:04  Supply Depot  
  88  6:07  Supply Depot  
  88  6:12  SCV x2  
  90  6:23  Marine x4  
  90  6:25  SCV x2, Marine  
  97  6:26  Armory  
  97  6:28  Supply Depot  
  97  6:30  Starport Reactor  
  100  6:32  Siege Tank  
  100  6:37  SCV  
  100  6:39  SCV  
  98  6:50  SCV  
  98  6:51  SCV  
  98  6:53  Marine x5  
  105  7:02  SCV  
  105  7:03  SCV  
  105  7:06  Command Center  
  107  7:13  Marine x5  
  107  7:14  Siege Tank  
  100  7:43  Marine  
  100  7:44  Marine x4  
  95  7:45  Medivac x2  
  95  7:48  SCV x2  
  95  7:51  Siege Tank  
  106  8:01  Marine  
  106  8:02  Barracks  
  106  8:03  Marine x4  
  104  8:05  Barracks  
  104  8:10  Terran Infantry Weapons Level 2, Terran Infantry Armor Level 2  
  104  8:11  SCV x2  
  106  8:15  Medivac x2  
  106  8:19  Marine  
  111  8:21  Marine x4  
  111  8:23  SCV, Siege Tank  
  111  8:24  SCV  
  120  8:35  SCV, Refinery  
  120  8:37  Marine, Refinery  
  120  8:38  Marine  
  120  8:40  Factory, Orbital Command  
  123  8:46  Marine x3  
  126  8:52  Barracks Reactor  
  126  8:53  Barracks Reactor  
  126  8:55  Marine, Siege Tank  
  130  9:13  Marine x5  
  107  9:28  Medivac x2  
  107  9:29  Marine x3  
  107  9:30  Marine, Siege Tank  
  107  9:31  Factory Tech Lab, Marine x5  
  122  9:41  Supply Depot  
  122  9:47  Marine x4  
  122  9:48  Marine  
  122  9:49  Marine x4  
  131  9:58  Medivac, Command Center  
  133  10:05  Marine x4  
  133  10:06  Marine  
  133  10:07  Marine x3  
  141  10:16  Marine, Barracks  
  141  10:17  Barracks  
  141  10:18  Barracks  
  141  10:38  Marine x3  
  141  10:40  Liberator, Marine x3  
  141  10:51  Supply Depot  
  141  10:52  Supply Depot x2  
  141  11:00  Marine x8  
  141  11:01  Liberator, Marine, Siege Tank  
  155  11:18  Marine x3  
  155  11:19  Barracks Tech Lab  
  155  11:21  Barracks Tech Lab  
  155  11:22  Barracks Tech Lab, Marine x2  
  158  11:26  Marine x3  
  158  11:27  Marauder  
  163  11:39  Marine x5  
  164  11:40  Marine x2  
  164  11:44  Marine  
  164  11:46  Marine x2  
  173  11:48  Marauder  
  174  11:56  Marine  
  174  11:57  Medivac x2, Siege Tank, Marine x5  
  174  11:58  Marine  
  188  12:02  Marine, Siege Tank  
  188  12:03  Marine  
  190  12:10  Marauder  
  190  12:13  Marine x2  
  190  12:14  Marauder  
  190  12:15  Marine  
  172  12:16  Marauder x2  
  167  12:28  Marine  
  167  12:29  Marine x4  
  172  12:30  Marine  
  172  12:31  Marauder  
  172  12:35  Marine  
  191  12:37  Marauder x2  
Tags
 
Add a new tag
Caveats
  • Supply blocks, unpowered buildings, or Contaminate may cause inaccurate times.
  • Supply counts are checked every 10 seconds.